 Dungeon Crawl Stone Soup version 0.30.1-11-g7821555f0a (webtiles) character file.

Game seed: 728569155043984954

147 lonewolfV2 the Shield-Bearer (level 5, -1/41 HPs)
             Began as a Demonspawn Fighter on Oct 30, 2023.
             Killed from afar by Sigmund (3 damage)
             ... with a magic dart
             ... on level 4 of the Dungeon.
             The game lasted 00:04:01 (2844 turns).

lonewolfV2 the Shield-Bearer (Demonspawn Fighter)   Turns: 2844, Time: 00:04:01

Health: -1/41      AC:  8    Str: 18    XL:     5   Next: 7%
Magic:  5/5        EV: 10    Int: 11    God:
Gold:   802        SH:  0    Dex: 13    Spells: 4/4 levels left

rFire   . . .        a - +1 war axe
rCold   . . .        c - +0 buckler
rNeg    . . .        b - +0 scale mail
rPois   .            (no helmet)
rElec   .            (no cloak)
rCorr   .            i - +0 pair of gloves
SInv    .            (no boots)
Will    .....        g - amulet of faith Stlth
                     k - +4 ring of slaying
HPRegen 0.26/turn    p - ring of flight
MPRegen 0.09/turn

%: faith
@: confused, flying
A: claws 2, big brain 1
a: no special abilities


You were on level 4 of the Dungeon.
You visited 1 branch of the dungeon, and saw 4 of its levels.

You collected 802 gold pieces.

Inventory:

Hand Weapons
 a - a +1 war axe (weapon)
Missiles
 h - 2 throwing nets (quivered)
Armour
 b - a +0 scale mail (worn)
 c - a +0 buckler (worn)
 i - a +0 pair of gloves (worn)
Jewellery
 e - a ring of wizardry
 g - an amulet of faith (around neck)
 k - a +4 ring of slaying (left hand)
 p - a ring of flight (right hand)
Wands
 t - a wand of digging (4)
Scrolls
 q - a scroll of fear {unknown}
 r - a scroll of enchant armour {unknown}
 s - a scroll of brand weapon {unknown}
Potions
 d - a potion of might
 f - 2 potions of haste
 j - 3 potions of lignification
 l - 2 potions of invisibility {unknown}
 m - a potion of attraction
 n - 2 potions of brilliance
 o - a potion of curing


   Skills:
 - Level 3.0 Fighting
 - Level 1.7 Axes
 + Level 3.5 Armour
 * Level 2.9 Dodging
 + Level 3.5 Shields


You had 4 spell levels left.
You didn't know any spells.
Your spell library was empty.

Dungeon Overview and Level Annotations

Branches:
Dungeon (4/15)
 Temple: D:4-7

Altars:
Ashenzari
Hepliaklqana

Annotations:
D:4 Sigmund


Innate Abilities, Weirdness & Mutations

You have very sharp fingernails.
You have an unusually large brain. (Int +2)


Message History

Could not explore, unopened door.
You reach down and open the door.
There is an open door here.
There is a stone staircase leading down here.
You fly downwards.
Sigmund shouts!
The adder hisses angrily.
Found a bubbling emerald potion.
There is a stone staircase leading up here.
Sigmund hits you but does no damage. You block Sigmund's attack.
The adder closely misses you. The adder bites you.
You are poisoned.
The adder poisons you! Sigmund casts a spell at you.
You are confused.
You feel sick. The adder bites you. Sigmund casts a spell at you.
You are more confused.
You feel sick. The adder barely misses you. The adder bites you.
Sigmund points at you and mumbles some strange words.
The magic dart hits you!
You feel sick. The adder barely misses you.
Sigmund mumbles some strange words.
Sigmund flickers and vanishes!
Deactivating autopickup; reactivate with Ctrl-A.
You feel sick. The adder bites you. Something hits you.
You feel sick. The adder bites you but does no damage.
The adder closely misses you.
You feel sick.
You are no longer poisoned.
Something hits you!
* * * LOW HITPOINT WARNING * * *
The adder barely misses you. The adder bites you but does no damage.
Something hits you!
* * * LOW HITPOINT WARNING * * *
The adder bites you but does no damage. The adder bites you but does no damage.
A magic dart appears from out of thin air!
The magic dart hits you.
You die...

##+#
##...#
#.....#
.......##
........#
......S.+
.....{.@#
......!##
#.....#
#....#
.♣♣♣#


You could see an adder.

Vanquished Creatures
  A scorpion (D:2)
  Ijyb (D:3)
  An adder (D:2)
  2 worms
  A dart slug (D:2)
  6 ball pythons
  5 endoplasms
  2 giant cockroaches
  7 goblins
  6 hobgoblins
  5 kobolds
  3 quokkas
  4 bats
  2 frilled lizards
46 creatures vanquished.

Notes
Turn   | Place    | Note
-------+----------+-------------------------------------------
     0 | D:1      | lonewolfV2 the Demonspawn Fighter began the quest for the
                  | Orb.
     0 | D:1      | Reached XP level 1. HP: 18/18 MP: 1/1
   188 | D:1      | Found a faded altar of an unknown god.
   217 | D:1      | Reached skill level 1 in Dodging
   217 | D:1      | Gained mutation: You have sharp fingernails. [demonic
                  | ancestry]
   217 | D:1      | Reached XP level 2. HP: 24/24 MP: 2/2
   720 | D:1      | Identified a scroll of acquirement
   720 | D:1      | Acquired 737 gold pieces
   727 | D:2      | Noticed a scorpion
   738 | D:2      | Killed a scorpion
   738 | D:2      | HP: 1/24 [poisoned by a scorpion]
   739 | D:2      | Reached XP level 3. HP: 1/29 MP: 3/3
   739 | D:2      | Gained mutation: You have very sharp fingernails. [demonic
                  | ancestry]
   739 | D:2      | Reached XP level 4. HP: 2/35 MP: 4/4
  2380 | D:3      | Found a hazy altar of Hepliaklqana.
  2557 | D:3      | Found a broken altar of Ashenzari.
  2670 | D:3      | Noticed Ijyb
  2680 | D:3      | Killed Ijyb
  2681 | D:3      | Gained mutation: You have an unusually large brain. (Int
                  | +2) [demonic ancestry]
  2681 | D:3      | Reached XP level 5. HP: 31/41 MP: 5/5
  2830 | D:4      | Noticed Sigmund
  2842 | D:4      | HP: 2/41 [something (9)]
  2844 | D:4      | Killed from afar by Sigmund

Illustrated notes

Levels and vault maps discovered:
D:1:      psy_arrival_whirlpool, layout_basic,
          chequers_ecumenical_altar_simple_redux
D:2:      layout_basic
D:3:      layout_loops_ring, evilmike_ruin_ashenzari,
          nicolae_hepliaklqana_hippocampus, minmay_hedge_maze, uniq_ijyb
D:4:      wad_woods_settlement, layout_loops_corners, zin_statuary,
          serial_shops, nicolae_shop_just_a_little_nook, amethyst_killhole,
          st_stairs_2, kennysheep_small_square, uniq_sigmund

Skill      XL: |  1  2 |
---------------+-------+-----
Dodging        | 1 2 |  2.9
Armour         | 3 |  3.5
Shields        | 3 |  3.5
Fighting       | |  3.0
Axes           | |  1.7

Action                     |  1- 3 |  4- 6 || total
---------------------------+-------+-------++-------
  Melee: War axe           |    54 |    68 ||   122
    Use: Scroll            |     3 |     4 ||     7
         Potion            |       |     2 ||     2
 Armour: Scale mail        |    28 |    37 ||    65
  Dodge: Dodged            |    49 |    39 ||    88
  Block: Buckler           |    13 |    22 ||    35
